 Dungeon Crawl Stone Soup version 0.28.0-47-ge53b351184 (webtiles) character file.

Game seed: 11736695948940241646

195 tife0686 the Skirmisher (level 6, -1/49 HPs)
             Began as a Formicid Fighter on Apr 28, 2022.
             Was an Initiate of Kikubaaqudgha.
             Killed by divine providence
             ... invoked by an orc priest
              (12 damage)
             ... on level 5 of the Dungeon.
             The game lasted 00:23:25 (3328 turns).

tife0686 the Skirmisher (Formicid Fighter)          Turns: 3328, Time: 00:23:26

Health: -1/49      AC: 10    Str: 21    XL:     6   Next: 4%
Magic:  6/6        EV:  9    Int:  7    God:    Kikubaaqudgha [......]
Gold:   200        SH:  5    Dex: 12    Spells: 5/5 levels left

rFire   + . .      SeeInvis +   a - +0 war axe
rCold   . . .      Faith    .   c - +0 buckler
rNeg    . . .      Spirit   .   b - +0 scale mail
rPois   .          Reflect  .   (helmet unavailable)
rElec   .          Harm     .   (no cloak)
rCorr   .          Rampage  .   j - +2 pair of gloves
Will    .....                   (no boots)
Stlth   ..........              (no amulet)
HPRegen 0.16/turn               g - ring of protection from fire
MPRegen 0.10/turn               (no ring)

@: mighty
A: permanent stasis, dig shafts and tunnels, antennae 3, four strong arms
a: Dig, Shaft Self, Renounce Religion


You were on level 5 of the Dungeon.
You worshipped Kikubaaqudgha.
Kikubaaqudgha was noncommittal.
You visited 1 branch of the dungeon, and saw 5 of its levels.

You collected 200 gold pieces.

Inventory:

Hand Weapons
 a - a +0 war axe (weapon)
 l - a +0 trident
Armour
 b - a +0 scale mail (worn)
 c - a +0 buckler (worn)
 j - a +2 pair of gloves (worn)
 n - +0 ice dragon scales
Jewellery
 g - a ring of protection from fire (left hand)
Scrolls
 e - 6 scrolls of teleportation
 i - a scroll of immolation {unknown}
 k - 2 scrolls of fog {unknown}
 m - a scroll of identify
Potions
 d - a potion of might
 f - 4 potions of magic


   Skills:
 + Level 4.4 Fighting
 + Level 3.8 Axes
 + Level 4.1 Armour
 + Level 1.0 Dodging
 + Level 4.3 Shields


You had 5 spell levels left.
You didn't know any spells.
Your spell library contained the following spells:

 Spells                   Type           Power      Damage    Failure   Level
 Slow                     Hex            0%         N/A       83%         1
 Confusing Touch          Hex            0%         N/A       99%         3
 Inner Flame              Hex/Fire       0%         N/A       99%         3
 Vampiric Draining        Necr           0%         2d6       99%         3
 Cause Fear               Hex            0%         N/A       100%        4
 Discord                  Hex            0%         N/A       100%        8


Dungeon Overview and Level Annotations

Branches:
Dungeon (5/15)             Temple (0/1) D:4

Altars:
Kikubaaqudgha

Shops:
D:4 =

Annotations:
D:3 Grinder


Innate Abilities, Weirdness & Mutations

You cannot be hasted, slowed, berserked, paralysed or teleported.
You can dig through walls and to a lower floor.
You have a pair of large antennae on your head. (SInv)
Your four strong arms can wield two-handed weapons with a shield.


Message History

You hit the orc but do no damage.
The orc is lightly wounded.
You block the orc's attack.
You hit the orc but do no damage.
The orc is lightly wounded.
The orc closely misses you.
You hit the orc but do no damage.
The orc is lightly wounded.
The orc misses you. The orc hits you but does no damage.
Unknown command.
You closely miss the orc.
The orc is lightly wounded.
The orc hits you with a +0 club.
You hit the orc but do no damage.
The orc is lightly wounded.
You block the orc's attack.
You feel very mighty all of a sudden. You block the orc's attack.
The orc priest invokes the aid of Beogh against you.
Beogh smites you!
* * * LOW HITPOINT WARNING * * *
You block the orc's attack.
The orc priest calls upon Beogh to heal the orc.
The orc's wounds heal themselves!
Unknown command.
Unknown command.
Unknown command.
It was a potion of curing.
You feel better. The orc hits you but does no damage.
A jelly comes into view.
An orc comes into view. It is wielding a +0 hand axe.
The orc shouts!
The orc priest calls down the wrath of Beogh upon you.
Beogh smites you!
* * * LOW HITPOINT WARNING * * *
You feel better. The orc barely misses you.
The orc priest invokes the aid of Beogh against you.
Beogh smites you!
You die...
Kikubaaqudgha rasps: "You have failed me!
Welcome... death!"

#................# ... .#
#................# ..# ..
#...............## # #.##..
#..........{..o.# #.###.#...
#.........##.oJ## .....#)#
#.........####.# ##..#)#
#........o#
#o#########....<##
#.........#
#.##..............
##.......o.#
#@##..........####
#......##.#####.##..........#
#.#........o.o#..#..........#
#.
#....................)....# #
#............###...........#
.o.############ ##..........#
.... ##..######## ... #..# ..
#..#


You could see a jelly, an orc priest and 2 orcs.

Vanquished Creatures
  A hound (D:5)
  A bullfrog skeleton (D:5)
  A hound zombie (D:4)
  4 adders
  An ufetubus (D:4)
  2 worms
  A dart slug (D:1)
  8 orcs
  6 ball pythons
  6 endoplasms
  3 giant cockroaches
  8 goblins
  3 hobgoblins
  3 jackals (D:1)
  2 quokkas
  5 bats
  4 frilled lizards
  7 kobolds
  4 rats
70 creatures vanquished.

Notes
Turn   | Place    | Note
-------+----------+-------------------------------------------
     0 | D:1      | tife0686 the Formicid Fighter began the quest for the Orb.
     0 | D:1      | Reached XP level 1. HP: 18/18 MP: 1/1
   235 | D:1      | Reached XP level 2. HP: 24/24 MP: 2/2
   498 | D:1      | Reached XP level 3. HP: 30/30 MP: 3/3
  1215 | D:2      | Reached XP level 4. HP: 35/37 MP: 4/4
  2180 | D:3      | Found an ancient bone altar of Kikubaaqudgha.
  2185 | D:3      | Became a worshipper of Kikubaaqudgha
  2238 | D:3      | Noticed Grinder
  2520 | D:4      | Found a staircase to the Ecumenical Temple.
  2589 | D:4      | Reached XP level 5. HP: 32/36 MP: 5/5
  2852 | D:4      | Found Gonym's Jewellery Shop.
  3083 | D:5      | Entered Level 5 of the Dungeon
  3296 | D:5      | Reached skill level 1 in Dodging
  3296 | D:5      | Reached XP level 6. HP: 37/49 MP: 6/6
  3328 | D:5      | Killed from afar by an orc priest

Illustrated notes

Levels and vault maps discovered:
D:1:      dpeg_arrival_round_a, layout_basic
D:2:      layout_basic, minmay_puff
D:3:      layout_basic, lemuel_crystal_altar, minmay_surrounded, uniq_grinder
D:4:      layout_cave_pools, minmay_temple_entry_nine_rooms, chequers_jeans,
          nicolae_take_the_stairs, st_stairs_4, grunt_ministairs_1
D:5:      layout_rooms, eat_drink_and_be_merry_uskayaw, st_stairs_10

Skill      XL: |  1  2  3  4  5 |
---------------+----------------+-----
Shields        | 4 |  4.3
Fighting       | 4 |  4.4
Axes           | 3 |  3.8
Armour         | 4 |  4.1
Dodging        | 1 |  1.0

Action                   |  1- 3 |  4- 6 || total
-------------------------+-------+-------++-------
Melee: War axe           |    77 |   104 ||   181
 Abil: Dig               |     1 |     3 ||     4
  Use: Scroll            |     2 |     2 ||     4
       Potion            |     1 |     5 ||     6
Armor: Scale mail        |    33 |    39 ||    72
Dodge: Dodged            |    30 |    33 ||    63
Block: Buckler           |    15 |    22 ||    37
